AoeStats
← Lerim1403

Arabia

506388497Analyzed
1v1 RM · 18d ago on Sep 13, 2026· 64m 41s· 2 players
Game mode
Random Map
Map size
Tiny (2 player)
Population
200
Speed
Normal
Resources
Standard
Victory
Conquest
Starting age
Dark Age
Ending age
Imperial Age
RankedLock teamsTeams togetherTeam positionsShared explorationLock speedFull tech treeHidden civsTurbo modeCheats
Victory
Defeat
🇷🇴 Celts · Romania
372
+18
🇦🇷 Inca · Argentina
422
-25
Lerim1403
7:54 Loom
15:03 Feudal Age
15:27 Horse Collar
15:37 Town Watch
16:06 Gold Mining
16:07 Stone Mining
15:56 Man-at-Arms
16:22 Arson
16:45 Fletching
19:09 Forging
19:00 Scale Mail Armor
23:44 Castle Age
22:12 Double-Bit Axe
24:58 Wheelbarrow
24:28 Town Patrol
26:39 Gold Shaft Mining
26:36 Bow Saw
27:05 Sanctity
28:10 Hand Cart
28:53 Bodkin Arrow
30:31 Heavy Plow
31:43 Elite Skirmisher
34:30 Stone Shaft Mining
33:33 Crossbowman
34:28 Fervor
35:31 Iron Casting
35:04 Stronghold
38:42 Imperial Age
36:40 Masonry
36:44 Careening
36:44 Fortified Wall
36:36 Murder Holes
37:57 Chain Mail Armor
37:08 Long Swordsman
37:34 Gambesons
37:10 Pikeman
37:47 Treadmill Crane
38:30 Ballistics
38:36 Guard Tower
39:16 Caravan
39:20 Heavy Scorpion
39:38 Capped Ram
40:57 Conscription
41:56 Chemistry
40:27 Two-Handed Swordsman
41:46 Onager
43:29 Keep
43:48 Clinker Construction
44:04 Siege Ram
46:45 Siege Onager
50:49 Elite Woad Raider
52:04 Hoardings
51:00 Sappers
51:41 Furor Celtica
51:47 Champion
54:41 Siege Engineers
54:24 Arrowslits
58:47 Blast Furnace
58:17 Plate Mail Armor
Mattulm317
7:30 Loom
12:36 Feudal Age
13:06 Double-Bit Axe
13:02 Horse Collar
18:07 Forging
20:57 Wheelbarrow
20:09 Town Watch
20:17 Gold Mining
20:20 Stone Mining
22:43 Fletching
22:55 Padded Archer Armor
22:56 Scale Mail Armor
26:51 Castle Age
32:02 Iron Casting
31:44 Chain Mail Armor
31:25 Bodkin Arrow
31:46 Leather Archer Armor
32:09 Bow Saw
32:37 Gold Shaft Mining
33:10 Stone Mining
33:31 Pikeman
34:12 Squires
33:59 Arson
36:54 Hand Cart
37:05 Hand Cart
42:06 Imperial Age
41:35 Town Patrol
41:46 Andean Sling
42:44 Heavy Plow
42:27 Elite Kamayuk
43:09 Fabric Shields
43:59 Crop Rotation
43:00 Champi Runner
44:51 Blast Furnace
43:53 Bracer
44:25 Plate Mail Armor
44:10 Thumb Ring
43:32 Elite Skirmisher
Connection lost

Rejoining the realm…

Still unreachable

The connection could not be restored.

Session expired

The server has moved on; the page needs a fresh start.